AoeStats
← HardmanGunner

Coastal Forest

510403872Analyzed
2v2 RM · 1d ago on Sep 30, 2026· 55m 40s· 4 players
Game mode
Random Map
Map size
Medium (4 player)
Population
200
Speed
Normal
Resources
Standard
Victory
Conquest
Starting age
Dark Age
Ending age
Imperial Age
RankedLock teamsTeams togetherTeam positionsShared explorationLock speedFull tech treeHidden civsTurbo modeCheats
Victory
Defeat
🇮🇪 Magyars · Ireland
1378
+22
🇺🇸 Dravidians · United States
1372
+22
🇸🇪 Italians · Sweden
1567
-24
🇩🇪 Varangians · Germany
1453
-20
Z
6:23 Loom
8:55 Feudal Age
9:41 Horse Collar
9:54 Double-Bit Axe
14:38 Horse Collar
18:00 Wheelbarrow
17:47 Forging
19:12 Scale Barding Armor
24:59 Castle Age
24:58 Scale Mail Armor
25:46 Squires
26:36 Hand Cart
26:35 Gambesons
29:48 Chain Mail Armor
TheSonder
8:18 Loom
10:04 Feudal Age
14:46 Castle Age
13:24 Double-Bit Axe
16:26 Bow Saw
17:39 Medium Warships
18:21 Wheelbarrow
17:34 Town Watch
21:34 Fishing Lines
22:34 Horse Collar
24:41 Fletching
25:23 Bodkin Arrow
25:47 Stone Mining
29:14 Imperial Age
27:48 Gold Mining
28:13 Hand Cart
29:07 Ballistics
28:48 Padded Archer Armor
30:00 Bracer
31:16 Chemistry
30:33 Elite Genoese Crossbowman
31:41 Leather Archer Armor
32:05 Conscription
34:58 Ring Archer Armor
35:31 Thumb Ring
36:54 Two-Man Saw
35:54 Heavy Plow
36:30 Stone Shaft Mining
36:53 Masonry
38:05 Squires
38:06 Scale Mail Armor
38:38 Arson
39:09 Chain Mail Armor
42:22 Plate Mail Armor
42:04 Forging
44:07 Architecture
44:24 Crop Rotation
44:49 Iron Casting
44:53 Hoardings
45:25 Arson
52:43 Blast Furnace
51:42 Capped Ram
51:54 Pikeman
Protein Shake
8:07 Loom
10:49 Feudal Age
12:43 Wheelbarrow
11:55 Fishing Lines
12:31 Town Watch
15:52 Double-Bit Axe
18:39 Castle Age
17:30 Horse Collar
19:18 Padded Archer Armor
19:41 Hand Cart
21:06 Gillnets
21:56 Elite Skirmisher
22:28 Fletching
23:25 Bodkin Arrow
23:47 Leather Archer Armor
27:29 Gold Mining
29:35 Bow Saw
29:27 Heavy Plow
30:29 Forging
30:19 Scale Mail Armor
30:28 Stone Mining
33:47 Imperial Age
32:28 Thumb Ring
33:57 Town Patrol
34:53 Bracer
36:05 Ring Archer Armor
36:38 Chemistry
36:31 Ballistics
37:58 Elite Elephant Archer
42:37 Guilds
42:56 Conscription
43:57 Iron Casting
43:38 Chain Mail Armor
43:52 Wootz Steel
43:47 Onager
44:10 Pikeman
44:50 Squires
44:36 Arson
45:52 Blast Furnace
45:27 Masonry
44:56 Halberdier
45:08 Halberdier
46:20 Plate Mail Armor
49:56 Wootz Steel
49:47 Elite Urumi Swordsman
52:43 Hoardings
54:24 Two-Man Saw
HardmanGunner
10:16 Feudal Age
11:42 Loom
11:50 Double-Bit Axe
11:46 Horse Collar
15:44 Bloodlines
21:43 Scale Barding Armor
26:05 Castle Age
26:18 Light Cavalry
27:51 Chain Barding Armor
29:32 Wheelbarrow
29:09 Bow Saw
30:33 Gold Mining
31:10 Husbandry
37:51 Imperial Age
38:05 Cavalier
43:43 Town Watch
45:06 Plate Barding Armor
46:02 Paladin
48:49 Capped Ram
50:57 Hand Cart
53:28 Heavy Plow
54:30 Two-Man Saw
55:10 Town Patrol
56:07 Conscription
Connection lost

Rejoining the realm…

Still unreachable

The connection could not be restored.

Session expired

The server has moved on; the page needs a fresh start.